[Event "83rd ESP-ch Women-ch 2018"]
[Site "Linares"]
[Date "2018.08.20"]
[Round "1"]
[White "Ortin Blanco, Ainhoa"]
[Black "Teran Alvarez, Ismael"]
[Result "0-1"]
[ECO "A40"]
[WhiteElo "1951"]
[BlackElo "2377"]
[Annotator "NA"]
[PlyCount "96"]
[EventDate "2018.08.09"]
[EventType "tourn"]
[EventCountry "ESP"]
[SourceTitle "playchess.com"]
[Source "ChessBase"]
[SourceQuality "1"]
[TimeControl "40/5400+30:1800+30"]

1. d4 e6 2. c4 b6 3. Nc3 Bb4 4. Qc2 Bb7 5. e3 {[%emt 0:01:41] A40: Unusual replies to 1 d4} (5. Nf3 Nf6 6. Bg5 h6 7. Bh4 g5 8. Bg3 Ne4 9. e3 Bxc3+ 10. bxc3 d6 11. Bd3 f5 12. d5 Qf6 13. Bxe4 fxe4 14. Qxe4 Qxc3+ 15. Ke2 Qb2+ 16. Nd2 Qf6 17. h4 g4 18. h5 Nd7 19. Bh4 Qf5 20. Qxf5 exf5 {0-1 (34) Tang,A (2513)-Nakamura,H (2781) chess.com INT 2018}) 5... Nf6 6. Bd2 O-O 7. Nf3 c5 8. Be2 Nc6 9. O-O cxd4 10. exd4 d5 $146 ({Predecessor:} 10... Rc8 11. a3 Bxc3 12. Bxc3 Ne7 13. b3 Re8 14. Bb2 Ng6 15. g3 d6 16. Rfe1 Qd7 {½-½ (16) Benes,J (2107)-Cvak,R (2248) ICCF email 2013}) 11. a3 Bxc3 12. bxc3 dxc4 13. Bxc4 Na5 14. Be2 Rc8 15. Ne5 Qxd4 16. Qxh7+ Nxh7 17. cxd4 Nb3 18. Bb4 Rfd8 19. Rad1 Nxd4 20. Bd3 Nf6 21. h3 Nd5 22. Be4 Ne2+ 23. Kh2 Nec3 24. Bxc3 Rxc3 25. a4 f6 26. Nf3 Rc4 27. Rd4 Rdc8 28. Rfd1 Kf7 29. Kg3 Rxd4 30. Rxd4 Rc3 31. Kh2 Ke7 32. Nd2 Ra3 33. Bf3 Bc6 34. Bd1 e5 35. Rc4 Rc3 36. Bb3 Rxc4 37. Nxc4 Nf4 38. Ne3 Nd3 39. Nf5+ Kf8 40. Nd6 Nc5 41. Bc4 Nxa4 42. Nc8 a5 43. Bf1 Bd7 44. Nd6 Nc3 45. Kg3 Ke7 46. Nc4 Bb5 47. Kf3 Bxc4 48. Bxc4 a4 $19 0-1

[Event "83rd ESP-ch Women-ch 2018"]
[Site "Linares"]
[Date "2018.08.20"]
[Round "1"]
[White "De la Pena Garcia, Blanca"]
[Black "Sanchez Jerez, Emilio Miguel"]
[Result "0-1"]
[ECO "B00"]
[WhiteElo "1811"]
[BlackElo "2246"]
[Annotator "NA"]
[PlyCount "62"]
[EventDate "2018.08.09"]
[EventType "tourn"]
[EventCountry "ESP"]
[SourceTitle "playchess.com"]
[Source "ChessBase"]
[SourceQuality "1"]
[TimeControl "40/5400+30:1800+30"]

1. e4 Nc6 2. d4 d5 3. e5 f6 4. Bf4 Bf5 5. Bb5 e6 6. Nf3 Qd7 7. c3 Nge7 8. Nbd2 a6 9. Ba4 h5 10. exf6 gxf6 11. Qe2 Ng6 12. Be3 Bd6 13. Nf1 h4 14. h3 O-O-O 15. b4 Kb8 16. Qd1 Nf4 17. Bxf4 Bxf4 18. b5 axb5 19. Bxb5 Qd6 20. a4 e5 21. Bxc6 Qxc6 22. Qb3 e4 23. Ng1 e3 24. fxe3 Rde8 25. Kf2 Bg3+ 26. Ke2 Qe6 27. Qb2 Qe4 28. Kd1 Qd3+ 29. Nd2 Rxe3 30. Ngf3 Rhe8 31. Rg1 Be4 0-1

[Event "83rd ESP-ch Women-ch 2018"]
[Site "Linares"]
[Date "2018.08.21"]
[Round "2"]
[White "Mohamed Garcia, Ismael"]
[Black "Sosa Suarez, Carla Cristina"]
[Result "*"]
[ECO "A45"]
[WhiteElo "1814"]
[BlackElo "2006"]
[Annotator "NA RC"]
[PlyCount "124"]
[EventDate "2018.08.09"]
[EventType "tourn"]
[EventCountry "ESP"]
[SourceTitle "playchess.com"]
[Source "ChessBase"]
[SourceQuality "1"]
[TimeControl "40/5400+30:1800+30"]

1. d4 Nf6 2. Bf4 d5 3. e3 Bf5 4. Bd3 e6 5. Bxf5 exf5 6. Qd3 g6 7. Qb5+ Nbd7 8. Be5 Be7 9. Bxf6 Bxf6 10. Qxd5 c6 11. Qb3 c5 12. Ne2 f4 13. Qxb7 O-O 14. Qf3 Qa5+ 15. c3 cxd4 16. exd4 Qb5 17. b3 Rfe8 18. c4 Qa5+ 19. Nbc3 Bxd4 20. O-O Ne5 21. Qh3 f3 22. Nxd4 Qxc3 23. Nxf3 Nc6 24. Ng5 Qg7 25. Rad1 h6 26. Nf3 Re2 27. Rd2 Re6 28. Qg3 Rae8 29. h3 g5 30. Rfd1 Qf6 31. Kh2 Ne7 32. Rd8 Nc6 33. Rxe8+ Rxe8 34. Rd6 Re6 35. Rxe6 Qxe6 36. Qc7 Kg7 37. c5 Ne7 38. Qe5+ Qxe5+ 39. Nxe5 h5 40. Kg3 f5 41. Kf3 Kf6 42. Nd3 Ke6 43. Ke3 Kd5 44. b4 Kc4 45. a3 Nd5+ 46. Kd2 Kb3 47. c6 Kxa3 48. Nc5 Kxb4 49. Na6+ Kb5 50. c7 Ne7 51. c8=Q Nxc8 52. Nc7+ Kc4 53. Ne6 a5 54. Nxg5 a4 55. Kc1 a3 56. Nf3 Kd3 57. Nh4 Ne7 58. g4 fxg4 59. hxg4 hxg4 60. Ng2 Nd5 61. f3 gxf3 62. Ne1+ Kc3 *

[Event "83rd ESP-ch Women-ch 2018"]
[Site "Linares"]
[Date "2018.08.22"]
[Round "3"]
[White "Matnadze, Ana"]
[Black "Roldan Marques, Daniel"]
[Result "1/2-1/2"]
[ECO "A05"]
[WhiteElo "2378"]
[BlackElo "2161"]
[Annotator "NA"]
[PlyCount "60"]
[EventDate "2018.08.09"]
[EventType "tourn"]
[EventCountry "ESP"]
[SourceTitle "playchess.com"]
[Source "ChessBase"]
[SourceQuality "1"]
[TimeControl "40/5400+30:1800+30"]

1. Nf3 Nf6 2. c4 c6 3. g3 d5 4. d4 dxc4 5. Bg2 b5 6. a4 {[%emt 0:01:08] D11: Slav Defence: 3 Nf3 sidelines and 3...Nf6 4 e3 Bg4} (6. O-O e6 7. a4 Bb7 8. Ne5 a6 9. b3 cxb3 10. Qxb3 Be7 11. Nc3 b4 12. Rd1 a5 13. Bg5 O-O 14. Bxf6 gxf6 {1-0 (37) Mchedlishvili,M (2603)-Eljanov,P (2711) Riadh 2017}) 6... Bb7 7. b3 cxb3 8. Qxb3 a6 9. Ba3 $146 ({Predecessor:} 9. O-O e6 10. Bb2 Nbd7 11. Nbd2 Be7 12. Rfd1 O-O 13. Ne5 Nd5 {0-1 (33) Curtis,J-Hay,T Australia 1973}) 9... Nbd7 10. Ne5 Nxe5 11. dxe5 Nd5 12. O-O e6 13. Bxf8 Kxf8 14. Nc3 Nxc3 15. Qxc3 Qe7 16. Rfc1 g6 17. Bxc6 Rc8 18. axb5 axb5 19. Qf3 Rxc6 20. Rxc6 Bxc6 21. Qxc6 b4 22. Qb6 Kg7 23. Ra7 Qe8 24. Qxb4 Qb8 $14 25. Qe7 Qb1+ 26. Kg2 Qe4+ 27. Kg1 Qb1+ 28. Kg2 Qe4+ 29. Kg1 Qb1+ 30. Kg2 Qe4+ 1/2-1/2

[Event "83rd ESP-ch Women-ch 2018"]
[Site "Linares"]
[Date "2018.08.22"]
[Round "3"]
[White "Bernabeu Lopez, Carlos Javier"]
[Black "Gil Quilez, Sonia"]
[Result "1-0"]
[ECO "C70"]
[WhiteElo "2360"]
[BlackElo "2066"]
[Annotator "NA"]
[PlyCount "99"]
[EventDate "2018.08.09"]
[EventType "tourn"]
[EventCountry "ESP"]
[SourceTitle "playchess.com"]
[Source "ChessBase"]
[SourceQuality "1"]
[TimeControl "40/5400+30:1800+30"]

1. e4 e5 2. Nf3 Nc6 3. Bb5 a6 4. Ba4 Nge7 5. c3 g6 6. d4 exd4 7. cxd4 Bg7 8. O-O O-O {[%emt 0:00:55] C60: Ruy Lopez: Unusual Black 3rd moves and 3...g6} (8... b5 9. Bc2 d5 10. exd5 Nb4 11. Bb3 Nbxd5 12. Nc3 O-O 13. Re1 h6 14. h3 Nxc3 15. bxc3 Bb7 16. Ne5 {½-½ (40) Caruana,F (2816)-Giri,A (2782) Leuven 2018}) 9. d5 Ne5 10. Nxe5 Bxe5 11. Nc3 Bg7 $146 ({Predecessor:} 11... b5 12. Bb3 d6 13. Bh6 Re8 14. f4 Bg7 15. Bxg7 Kxg7 {1-0 (59) Gal,H (2074)-Furedi,E (1989) Budapest 2013}) 12. d6 cxd6 13. Bg5 h6 14. Bh4 g5 15. Bg3 Be5 16. Bxe5 dxe5 17. Qd6 Ng6 18. Bb3 Kg7 19. Nd5 b5 20. Rac1 Bb7 21. Nb6 Rb8 22. Nxd7 Rc8 23. Rxc8 Bxc8 24. Rd1 Bxd7 25. Qxd7 Qb6 26. g3 Qc5 27. Rd6 a5 28. Rc6 Qb4 29. Qf5 Qe7 30. Rb6 Rd8 31. Bd5 Rd7 32. Rxb5 Ra7 33. a4 Nf8 34. Qf3 Nd7 35. Qc3 Nf6 36. Rxa5 Rc7 37. Qd2 Qd6 38. Qe2 Qb4 39. Ra6 g4 40. Kg2 Qd4 41. Rxf6 Kxf6 42. Qxg4 Qxb2 43. Qg8 Qc3 $18 44. h4 Rd7 45. Qh7 Qc7 46. Qxh6+ Ke7 47. Qg5+ Kd6 48. h5 Qb8 49. Qf6+ Kc5 50. Qc6+ 1-0

[Event "83rd ESP-ch Women-ch 2018"]
[Site "Linares"]
[Date "2018.08.22"]
[Round "3"]
[White "Tudela Corbalan, Carlos"]
[Black "Gonzalez Guedes, Iyan"]
[Result "1-0"]
[ECO "A25"]
[WhiteElo "2246"]
[BlackElo "1925"]
[Annotator "NA"]
[PlyCount "89"]
[EventDate "2018.08.09"]
[EventType "tourn"]
[EventCountry "ESP"]
[SourceTitle "playchess.com"]
[Source "ChessBase"]
[SourceQuality "1"]
[TimeControl "40/5400+30:1800+30"]

1. c4 e5 2. Nc3 Nc6 3. g3 g6 4. Bg2 Bg7 5. e3 d6 6. Nge2 f5 7. b3 {[%emt 0:00:27] A25: English Opening vs King's Indian with ...Nc6 but without early d3} (7. O-O Nf6 8. d3 O-O 9. b3 Be6 10. Nd5 Qd7 11. Bb2 Rae8 12. Qd2 Nd8 13. Qa5 Nxd5 14. cxd5 Bf7 15. Qxa7 g5 16. Rac1 Bh5 17. f3 {1-0 (28) Leko,P (2732)-Ding,L (2702) Beijing 2012}) 7... Nf6 8. Bb2 O-O 9. d4 e4 10. Qd2 Nb4 $146 ({Predecessor:} 10... a5 11. Nf4 g5 12. Nfd5 Nxd5 13. Nxd5 {½-½ (53) Bagirov,V (2515)-Lalic,S (2305) Haarlem 1996}) 11. Nc1 c5 12. a3 Nc6 13. N1e2 cxd4 14. exd4 d5 15. c5 b6 16. Rd1 bxc5 17. dxc5 Ne5 18. O-O Ba6 19. b4 Nf3+ 20. Bxf3 exf3 21. Nd4 Bxf1 22. Kxf1 Re8 23. Qf4 Ne4 24. Qxf3 a5 25. Nce2 axb4 26. axb4 Rb8 27. Nc6 Qc8 28. Nxb8 Bxb2 29. Qb3 Qxb8 30. Rxd5 Bg7 31. f3 Kh8 $18 (31... Nxc5 $142 32. Rxc5+ Kh8) 32. fxe4 fxe4 33. Kg2 Qb7 34. Rd6 e3+ 35. Qd5 Qxb4 36. Rd8 Qb5 37. Nd4 Qb2+ 38. Kh3 Rf8 39. Rxf8+ Bxf8 40. Qe5+ Kg8 41. Qe6+ Kg7 42. Qxe3 Qb8 43. c6 Bd6 44. Qe6 Qf8 45. Kg2 1-0

[Event "83rd ESP-ch Women-ch 2018"]
[Site "Linares"]
[Date "2018.08.22"]
[Round "3"]
[White "Silva Rodriguez, Fernando"]
[Black "Serrano Garcia, Luis"]
[Result "1-0"]
[ECO "E41"]
[WhiteElo "2239"]
[BlackElo "1915"]
[Annotator "NA"]
[PlyCount "69"]
[EventDate "2018.08.09"]
[EventType "tourn"]
[EventCountry "ESP"]
[SourceTitle "playchess.com"]
[Source "ChessBase"]
[SourceQuality "1"]
[TimeControl "40/5400+30:1800+30"]

1. d4 Nf6 2. c4 e6 3. Nc3 Bb4 4. e3 c5 5. Bd3 b6 6. Nge2 Bb7 7. O-O O-O 8. a3 Bxc3 9. bxc3 d5 10. cxd5 exd5 11. f3 Re8 12. g4 Nc6 13. Ng3 c4 14. Bb1 Na5 15. Ra2 g6 16. Re2 h6 17. Bc2 Nb3 18. Bb2 Qc7 19. Qe1 Qc6 20. h4 Re6 21. g5 hxg5 22. hxg5 Nh7 23. f4 Rae8 24. Rf3 f5 25. gxf6 Rxf6 26. Rg2 Ng5 27. Rf1 Nh3+ 28. Kh2 Nxf4 29. Rgf2 Qe6 30. Rxf4 Rxf4 31. Rxf4 Qxe3 32. Qxe3 Rxe3 33. Bxg6 Nd2 34. Kg2 Ne4 35. Bf7+ 1-0

[Event "83rd ESP-ch Women-ch 2018"]
[Site "Linares"]
[Date "2018.08.22"]
[Round "3"]
[White "Diaz Castro, Ismael"]
[Black "Amoros Moran, Jose Joaquin"]
[Result "1-0"]
[ECO "A46"]
[WhiteElo "2212"]
[BlackElo "1908"]
[Annotator "NA"]
[PlyCount "67"]
[EventDate "2018.08.09"]
[EventType "tourn"]
[EventCountry "ESP"]
[SourceTitle "playchess.com"]
[Source "ChessBase"]
[SourceQuality "1"]
[TimeControl "40/5400+30:1800+30"]

1. d4 Nf6 2. Nf3 e6 3. g3 b6 4. Bg2 Bb7 5. O-O d5 6. c4 Nbd7 7. Nc3 Be7 {[%emt 0:00:55] E16: Damenindisch (Hauptfortsetzung mit Lb4)} 8. Qc2 O-O 9. Rd1 a6 10. cxd5 exd5 11. Bf4 Rc8 12. Rac1 h6 13. h3 $146 ({Vorgänger:} 13. Na4 c6 14. Nc3 b5 15. Ne1 Qb6 16. Bh3 Rcd8 17. Nd3 Rfe8 18. b4 {1-0 (42) Ivanov,M (2375)-Ginzburg,M (2150) Krasnodar 1996}) 13... Re8 14. g4 Bf8 15. Bh2 g6 16. Ne5 Qe7 17. Qb3 Qe6 18. e3 Bg7 19. Ne2 c6 20. Nf4 Qe7 21. Nfd3 a5 22. a4 Qd8 23. Rc2 Nb8 24. Rdc1 $14 Nfd7 25. e4 Nxe5 26. Nxe5 Bxe5 27. Bxe5 Rxe5 28. dxe5 d4 29. e6 fxe6 30. Qxe6+ Kg7 31. e5 d3 32. Rd2 Ba6 33. Be4 Qg5 34. f4 1-0

[Event "83rd ESP-ch Women-ch 2018"]
[Site "Linares"]
[Date "2018.08.22"]
[Round "3"]
[White "Lopez Guerrero, Jose Miguel"]
[Black "Fernandez Garcia, Francisco Jose"]
[Result "1-0"]
[ECO "B31"]
[WhiteElo "2148"]
[BlackElo "1835"]
[Annotator "NA"]
[PlyCount "115"]
[EventDate "2018.08.09"]
[EventType "tourn"]
[EventCountry "ESP"]
[SourceTitle "playchess.com"]
[Source "ChessBase"]
[SourceQuality "1"]
[TimeControl "40/5400+30:1800+30"]

1. e4 c5 2. Nf3 Nc6 3. Bb5 g6 4. O-O Bg7 5. d3 Qc7 {[%emt 0:04:35] B31: Sicilian: 2...Nc6 3 Bb5 g6} (5... d6 6. Re1 Bd7 7. c3 Nf6 8. d4 O-O 9. Bxc6 Bxc6 10. d5 Bd7 11. h3 b5 12. a4 b4 13. e5 dxe5 14. Nxe5 {½-½ (70) Zvjaginsev,V (2643)-Dubov,D (2666) Sochi 2017}) 6. Nc3 a6 7. Nd5 Qd8 8. Ba4 $146 ({Predecessor:} 8. Bxc6 bxc6 9. Ne3 Nf6 10. e5 Nd5 11. Nc4 O-O 12. Bd2 f6 13. Ba5 {0-1 (42) Zhou,S (2229)-Pileckis,E (2438) Pardubice 2010}) 8... Nf6 9. Nxf6+ Bxf6 10. Bh6 Ne5 11. Nxe5 Bxe5 12. c3 b5 13. Bc2 Qb6 14. f4 Bc7 15. Kh1 Bb7 16. d4 f5 17. exf5 O-O-O 18. d5 gxf5 19. Bg5 Qg6 20. Bxe7 Rhg8 21. Qd2 Rde8 22. Bxc5 Qh5 23. Bd1 Qh4 24. Bb3 Qg4 25. Rf2 d6 26. Bd4 Rg6 27. Re1 Reg8 28. Rfe2 Kd8 29. Qe3 Kc8 30. Bb6 Qh4 31. Bxc7 Kxc7 32. Qe7+ Qxe7 33. Rxe7+ Kb6 34. g3 a5 35. a3 b4 36. axb4 axb4 37. Rxh7 bxc3 38. bxc3 R8g7 39. Rxg7 Rxg7 40. Re6 Kc5 41. c4 Bc8 42. Re8 Bd7 43. Rd8 Kb4 44. Ba2 Ka3 45. Ra8+ Kb2 46. Kg2 Re7 47. Kf3 Be8 48. h3 Bg6 49. Ra6 $18 Bf7 50. c5 Rc7 51. cxd6 Rc3+ 52. Kf2 Be8 53. Ra7 Rc2+ 54. Ke3 Rc3+ 55. Kd4 Rxg3 56. Bc4 Rxh3 57. d7 Bxd7 58. Rxd7 1-0

[Event "83rd ESP-ch Women-ch 2018"]
[Site "Linares"]
[Date "2018.08.22"]
[Round "3"]
[White "Nunez, Daniela Alejandra"]
[Black "Arroyo Rodriguez, Jesus"]
[Result "1-0"]
[ECO "B27"]
[WhiteElo "2021"]
[BlackElo "2099"]
[Annotator "NA"]
[PlyCount "97"]
[EventDate "2018.08.09"]
[EventType "tourn"]
[EventCountry "ESP"]
[SourceTitle "playchess.com"]
[Source "ChessBase"]
[SourceQuality "1"]
[TimeControl "40/5400+30:1800+30"]

1. e4 c5 2. Nf3 g6 3. d4 cxd4 4. c3 Bg7 5. Bc4 Nf6 {[%emt 0:01:04] B27: Sicilian: 2 Nf3, unusual Black 2nd moves} (5... d3 6. O-O Nc6 7. a4 Nf6 8. e5 Ng4 9. Bxf7+ Kxf7 10. Ng5+ Kg8 11. Qxg4 Nxe5 12. Qg3 h6 13. f4 hxg5 14. fxe5 {1-0 (39) Dragnev,V (2438)-Vorobiov,E (2581) Bad Wiessee 2016}) 6. e5 Ng8 7. cxd4 d5 8. Bb5+ Nc6 9. h3 $146 ({Predecessor:} 9. O-O Nh6 10. Nc3 O-O 11. h3 a6 12. Bd3 {1-0 (34) Todortsev,V (1950)-Delaney,W (1800) San Francisco 2012}) 9... e6 10. Nc3 Bd7 11. Bg5 f6 12. exf6 Nxf6 13. O-O O-O 14. Qd2 a6 15. Bd3 b5 16. Ne2 Qb6 17. Qe3 Rae8 18. Ne5 Nxe5 19. dxe5 Qxe3 20. Bxe3 Ne4 21. f3 d4 22. Bxd4 Nd2 23. Rfd1 Nc4 24. f4 Rc8 25. h4 Bc6 26. b3 Na5 27. Bb6 Nb7 28. Rac1 Bd5 29. g3 Rfe8 30. b4 Bf8 31. a3 Bb3 32. Re1 Kf7 33. Be4 Bd5 34. Nc3 Bc6 35. Kf2 Be7 36. Red1 a5 37. bxa5 Bxa3 $18 38. Rb1 Bc5+ 39. Bxc5 Nxc5 40. Bxc6 Rxc6 41. Nxb5 Ra8 42. Nd6+ Kf8 43. Rb5 Rxd6 44. Rxd6 Ne4+ 45. Ke3 Nxd6 46. exd6 Ke8 47. Kd4 Kd7 48. Ke5 Ra7 49. Rc5 1-0

[Event "83rd ESP-ch Women-ch 2018"]
[Site "Linares"]
[Date "2018.08.22"]
[Round "3"]
[White "Ortin Blanco, Ainhoa"]
[Black "Esquivias Quintero, Luis Manuel"]
[Result "0-1"]
[ECO "A40"]
[WhiteElo "1951"]
[BlackElo "2260"]
[Annotator "NA"]
[PlyCount "72"]
[EventDate "2018.08.09"]
[EventType "tourn"]
[EventCountry "ESP"]
[SourceTitle "playchess.com"]
[Source "ChessBase"]
[SourceQuality "1"]
[TimeControl "40/5400+30:1800+30"]

1. d4 e6 2. c4 b6 3. e4 Bb7 4. Bd3 Nc6 5. Ne2 Nb4 6. Nbc3 {[%emt 0:00:16] A40: Unusual replies to 1 d4} Nxd3+ 7. Qxd3 d6 (7... Ne7 8. O-O d6 9. Be3 Qd7 10. d5 Ng6 11. f4 Be7 12. Bd4 e5 13. fxe5 dxe5 {0-1 (49) Matlakov,M (2728)-Andreikin,D (2706) Tbilisi 2017}) 8. O-O g6 9. d5 Bg7 10. f4 Ne7 11. Nd4 exd5 12. cxd5 O-O 13. Be3 c5 $146 ({Predecessor:} 13... Bxd4 14. Bxd4 {½-½ (32) Taras,I (2334)-Vecek,M (2320) ICCF email 2016}) 14. dxc6 Nxc6 15. Rad1 Nb4 16. Qc4 a5 17. Qb3 Ba6 18. Rf3 Rc8 19. Rd2 Bc4 20. Qa4 Nd3 21. Qd1 Nc5 22. Rg3 Qe7 23. b3 Ba6 24. Nd5 Qb7 25. Nf5 gxf5 26. Bd4 f6 $1 27. Bxf6 Rf7 28. e5 Ne4 29. exd6 Nxf6 30. Nxf6+ Rxf6 31. d7 Rd8 32. Qa1 Rf7 33. Qe5 Qe4 $19 34. Qa1 Rdxd7 35. Qd1 Rxd2 36. Qxd2 Qb1+ 0-1

[Event "83rd ESP-ch Women-ch 2018"]
[Site "Linares"]
[Date "2018.08.23"]
[Round "4"]
[White "Orantes Taboada, Francisco"]
[Black "Suarez Uriel, Adrian"]
[Result "0-1"]
[ECO "C41"]
[WhiteElo "2242"]
[BlackElo "2391"]
[Annotator "NA RC"]
[PlyCount "82"]
[EventDate "2018.08.09"]
[EventType "tourn"]
[EventCountry "ESP"]
[SourceTitle "playchess.com"]
[Source "ChessBase"]
[SourceQuality "1"]
[TimeControl "40/5400+30:1800+30"]

1. e4 d6 2. d4 Nf6 3. Nc3 e5 4. Nf3 Nbd7 5. dxe5 dxe5 6. Bc4 Bc5 {[%emt 0:00:38] C41: Philidor-Verteidigung} 7. O-O O-O 8. a4 c6 9. Bg5 h6 10. Bd2 a5 11. Qe2 Re8 $146 ({Vorgänger:} 11... Nh5 12. Bb3 Qf6 13. Ne1 Nf4 14. Qf3 {0-1 (50) Blasl,D (2119)-Moser,E (2361) Schwarzach 2005}) 12. Rad1 Qb6 13. Nh4 Nf8 14. Nf5 Be6 15. Bxe6 Nxe6 16. Qf3 Nd4 17. Nxh6+ gxh6 18. Qxf6 Re6 19. Qh4 Qxb2 20. Kh1 Qxc2 21. f4 exf4 22. Rxf4 Rg6 23. Rg4 Qb3 24. Rf1 Qe6 25. Rxg6+ fxg6 26. Bxh6 Be7 27. Bg5 Rf8 28. Rxf8+ Bxf8 29. Bf6 Nc2 30. e5 Bg7 31. Ne4 Qc4 32. h3 Ne3 33. Qf2 Qxe4 34. Bxg7 Qxg2+ 35. Qxg2 Nxg2 36. Bf6 Ne3 37. e6 b5 38. Kh2 bxa4 39. Kg3 a3 40. Kh4 Nd5 $19 41. Ba1 Nf4 0-1

[Event "83rd ESP-ch Women-ch 2018"]
[Site "Linares"]
[Date "2018.08.23"]
[Round "4"]
[White "Perez Perez, Gabriel"]
[Black "Rodriguez Redondo, Adhara"]
[Result "0-1"]
[ECO "A14"]
[WhiteElo "2058"]
[BlackElo "1909"]
[Annotator "NA RC"]
[PlyCount "120"]
[EventDate "2018.08.09"]
[EventType "tourn"]
[EventCountry "ESP"]
[SourceTitle "playchess.com"]
[Source "ChessBase"]
[SourceQuality "1"]
[TimeControl "40/5400+30:1800+30"]

1. c4 e6 2. g3 d5 3. Bg2 Nf6 4. Nf3 Be7 5. O-O O-O 6. b3 Nbd7 7. Bb2 b6 8. Nc3 Bb7 9. d4 Rc8 10. Rc1 c6 11. Qd3 {[%emt 0:10:17] E07: Closed Catalan: Main Line (5 Nf3 0-0 6 0-0 Nbd7)} Rc7 12. Nd2 $146 ({Predecessor:} 12. cxd5 cxd5 13. Ne5 Nxe5 14. dxe5 Nd7 15. Qd2 Nxe5 16. Nxd5 Bxd5 17. Bxe5 Rxc1 18. Rxc1 Bxg2 19. Qxd8 Rxd8 20. Kxg2 {½-½ (31) Horvath,C (2514)-Buhmann,R (2594) Austria 2013}) 12... Qb8 13. e4 dxe4 14. Ndxe4 Rd8 15. Qe3 Nxe4 16. Nxe4 Qa8 17. Qf4 Rcc8 18. Rfd1 Qb8 19. Qe3 Nf6 20. Ng5 Ng4 21. Qd2 h6 22. Ne4 Nf6 23. Nc3 Rd7 24. Qe2 Rcd8 25. Re1 c5 26. d5 exd5 27. Bh3 d4 28. Nd5 Nxd5 29. Bxd7 Rxd7 30. cxd5 Bxd5 31. f3 Qb7 32. Rf1 Rd6 33. Rce1 Re6 34. Qd3 Rf6 35. Bc1 Qd7 36. Bf4 Rg6 37. Rf2 Be6 38. Kh1 Bf5 39. Qd2 Kh7 40. Rfe2 Bf6 41. Re8 Qc6 42. Kg2 Be6 43. Rb8 Be7 44. Qd3 Bd6 45. Bxd6 Qxd6 46. Ra8 Qd7 47. Qa6 Bh3+ 48. Kf2 Rf6 (48... b5 $142 49. Qxa7 Qd5) 49. Ree8 Qf5 50. f4 Bg4 51. Qf1 Qc2+ 52. Kg1 Qxa2 53. Rh8+ Kg6 54. Rad8 Qxb3 55. Rhe8 Re6 56. Rxe6+ $19 Qxe6 57. Qc1 Qe4 58. Rd6+ Kh7 59. Qd2 Bh3 60. f5 Qb1+ 0-1

[Event "83rd ESP-ch Women-ch 2018"]
[Site "Linares"]
[Date "2018.08.24"]
[Round "5"]
[White "Matnadze, Ana"]
[Black "Garcia Garcia, Adrian Antonio"]
[Result "1/2-1/2"]
[ECO "A04"]
[WhiteElo "2378"]
[BlackElo "2179"]
[Annotator "NA"]
[PlyCount "75"]
[EventDate "2018.08.09"]
[EventType "tourn"]
[EventCountry "ESP"]
[SourceTitle "playchess.com"]
[Source "ChessBase"]
[SourceQuality "1"]
[TimeControl "40/5400+30:1800+30"]

1. Nf3 f5 2. g3 Nf6 3. d4 g6 4. Bg2 Bg7 5. O-O {[%emt 0:00:08] A81: Holländische Verteidigung (Leningrader Variante)} d5 (5... O-O 6. c4 d6 7. Nc3 c6 8. Qb3 Na6 9. Rd1 Kh8 10. Bf4 Nc7 11. d5 c5 12. Qc2 Qe8 13. Rab1 h6 14. a3 g5 15. Bc1 Bd7 16. b4 b6 17. bxc5 bxc5 {1-0 (41) Kuzubov,Y (2660)-Cheparinov,I (2712) Ankara 2018}) 6. c4 e6 7. b3 O-O 8. Bb2 Ne4 9. Ne1 c6 10. e3 Nd7 11. Nd3 b6 $146 ({Vorgänger:} 11... Ndf6 12. f3 Nd6 13. Nd2 Nf7 14. Qe2 Bd7 15. e4 dxe4 16. fxe4 Qc7 {1-0 (30) Zessinger,R-Schulz,J Coburg 1975}) 12. Qc2 Bb7 13. a4 g5 14. a5 bxa5 15. f3 Nef6 16. Nc3 Qc7 17. Rfc1 Rac8 18. Na4 Ba8 19. f4 Ne4 20. Bxe4 dxe4 21. Ndc5 Rce8 22. fxg5 Nxc5 23. Nxc5 e5 24. dxe5 Bxe5 25. Rd1 Rf7 26. Bc3 Bxg3 $2 (26... Bxc3 27. Qxc3 Bb7 28. Qxa5 Qe7 29. Qxa7 Qxg5) 27. Na6 $18 Qb6 28. c5 Qxa6 29. hxg3 Qb7 30. Qd2 Qc7 31. Kg2 Rb8 32. Qd4 Kf8 33. Rxa5 f4 34. gxf4 Rxb3 35. Qh8+ Ke7 36. Rd6 Rxc3 37. Qxc3 Kf8 38. Qh8+ 1/2-1/2

[Event "83rd ESP-ch Women-ch 2018"]
[Site "Linares"]
[Date "2018.08.24"]
[Round "5"]
[White "Moral Garcia, Serafin"]
[Black "Vega Gutierrez, Sabrina Neide"]
[Result "0-1"]
[ECO "B46"]
[WhiteElo "2287"]
[BlackElo "2390"]
[Annotator "NA"]
[PlyCount "54"]
[EventDate "2018.08.09"]
[EventType "tourn"]
[EventCountry "ESP"]
[SourceTitle "playchess.com"]
[Source "ChessBase"]
[SourceQuality "1"]
[TimeControl "40/5400+30:1800+30"]

1. e4 c5 2. Nf3 e6 3. d4 cxd4 4. Nxd4 Nc6 5. Nc3 a6 6. Be3 Nf6 7. f3 {[%emt 0:02:06] B46: Sizilianisch (Paulsen/Taimanow-Variante)} (7. Nxc6 bxc6 8. e5 Nd5 9. Nxd5 cxd5 10. Qd4 Bb7 11. Bd3 Rc8 12. O-O Qc7 13. c3 Bc5 14. Qxc5 Qxc5 15. Bxc5 Rxc5 {½-½ (32) Yu,Y (2759)-Svidler,P (2753) Shenzhen 2018}) 7... Bb4 8. Nxc6 bxc6 9. a3 Be7 10. e5 Nd5 11. Nxd5 cxd5 12. Bd3 d6 $146 ({Vorgänger:} 12... Qc7 13. f4 Bc5 {½-½ (24) Boudre,J (2343)-Midoux,S (2352) France 2009}) 13. Bd4 Bh4+ 14. g3 dxe5 15. Bxe5 Bf6 16. Qe2 O-O 17. f4 Bxe5 18. Qxe5 Qb6 19. O-O-O Rb8 20. b3 Bd7 21. Kb1 Rfc8 22. Rhe1 Ba4 $15 23. Qb2 g6 24. h4 d4 25. Bf1 Rc3 26. Rd3 Bxb3 27. Ka1 Rxc2 0-1

[Event "83rd ESP-ch Women-ch 2018"]
[Site "Linares"]
[Date "2018.08.24"]
[Round "5"]
[White "Tudela Corbalan, Carlos"]
[Black "Antunez Munoz, Ines"]
[Result "1-0"]
[ECO "A25"]
[WhiteElo "2246"]
[BlackElo "1956"]
[Annotator "NA"]
[PlyCount "95"]
[EventDate "2018.08.09"]
[EventType "tourn"]
[EventCountry "ESP"]
[SourceTitle "playchess.com"]
[Source "ChessBase"]
[SourceQuality "1"]
[TimeControl "40/5400+30:1800+30"]

1. c4 e5 2. Nc3 Nc6 3. g3 Bc5 4. Bg2 d6 5. e3 a6 {[%emt 0:00:32] A25: English Opening vs King's Indian with ...Nc6 but without early d3} 6. Nge2 (6. Nf3 Nf6 7. O-O O-O 8. h3 Ba7 9. d4 h6 10. dxe5 dxe5 11. Qxd8 Rxd8 12. b3 Be6 13. Ba3 Rd7 14. Rfd1 Rad8 15. Rxd7 Rxd7 {½-½ (41) Howell,D (2676)-Ponomariov,R (2694) Riadh 2017}) 6... Ba7 7. b3 Nge7 8. Bb2 O-O 9. d4 exd4 $146 ({Predecessor:} 9... Re8 10. O-O exd4 11. Nxd4 Bd7 12. Qd2 Rb8 13. Nce2 Ne5 14. Nf3 {½-½ (14) Laqua,C (2139)-Bruhn,B (2152) Germany 2013}) 10. exd4 Nf5 11. Nd5 Re8 12. O-O Rb8 13. Qd2 Nce7 14. Nxe7+ Qxe7 15. Nf4 Qg5 16. Rad1 Bd7 17. Qc3 h5 18. Nd5 c6 19. Bc1 Qg6 20. Nf4 Qh6 21. c5 h4 22. g4 Ne7 23. h3 Qf6 24. Nh5 Qg6 25. Nf4 Qf6 26. b4 Rbd8 27. Rfe1 d5 28. Re5 g6 29. Rde1 Nc8 30. Nd3 Bb8 31. Bg5 Qg7 32. Bxd8 Bxe5 33. Nxe5 Rxd8 34. Nxd7 Rxd7 35. Re8+ Kh7 36. Rxc8 Re7 37. g5 f6 38. Qd2 fxg5 39. Qxg5 Re1+ 40. Kh2 Qe7 41. Qxe7+ Rxe7 42. a4 $18 Kh6 43. Rb8 Rf7 44. Kg1 Kg5 45. b5 axb5 46. axb5 Kf4 47. b6 Kg5 48. Rc8 1-0